 Dungeon Crawl Stone Soup version 0.30.1 (webtiles) character file.

Game seed: 3637288223309820934

1294 Sanktem7 the Chopper (level 8, -1/70 HPs)
             Began as a Minotaur Fighter on July 10, 2023.
             Was a Believer of Okawaru.
             Slain by a lemure (3 damage)
             ... led by Pikel
             ... on level 7 of the Dungeon.
             The game lasted 00:12:23 (5608 turns).

Sanktem7 the Chopper (Minotaur Fighter)             Turns: 5608, Time: 00:12:24

Health: -1/70      AC: 15    Str: 23    XL:     8   Next: 30%
Magic:  7/7        EV:  8    Int:  5    God:    Okawaru [**....]
Gold:   151        SH:  5    Dex: 10    Spells: 7/7 levels left

rFire   . . .        a - +0 war axe {axe}
rCold   + . .        c - +0 buckler
rNeg    + . .        k - +0 chain mail
rPois   .            (helmet restricted)
rElec   .            e - +1 cloak
rCorr   .            s - +0 pair of gloves
SInv    .            z - +0 pair of boots
Will    .....        (no amulet) Stlth
                     o - ring of positive energy
HPRegen 0.31/turn    D - ring of protection from cold
MPRegen 0.10/turn

%: no passive effects
@: mesmerised
A: horns 2, retaliatory headbutt
a: Renounce Religion, Heroism


You were on level 7 of the Dungeon.
You worshipped Okawaru.
Okawaru was pleased with you.
You visited 2 branches of the dungeon, and saw 8 of its levels.

You collected 261 gold pieces.
You spent 110 gold pieces at shops.


Innate Abilities, Weirdness & Mutations

You have a pair of horns on your head.
You reflexively headbutt those who attack you in melee.


   Skills:
 + Level 6.1 Fighting
 * Level 7.6 Axes
 + Level 3.4 Throwing
 + Level 6.1 Armour
 + Level 6.1 Shields


You had 7 spell levels left.
You didn't know any spells.
Your spell library contained the following spells:

 Spells                   Type           Power      Damage    Failure   Level
 Sandblast                Erth           0%         2d4       98%         1
 Summon Small Mammal      Summ           Unusable   N/A       N/A         1
 Call Canine Familiar     Summ           Unusable   N/A       N/A         3
 Summon Guardian Golem    Hex/Summ       Unusable   N/A       N/A         3

Inventory:

Hand Weapons
 a - a +0 war axe (weapon) {axe}
 B - a +1 trident of protection {polearm}
   (You took it off an orc on level 5 of the Dungeon)
Missiles
 g - a throwing net {=f!fthrowing}
 i - 31 stones (quivered) {throwing}
 m - 4 poisoned darts {throwing}
 t - 2 boomerangs {throwing}
Armour
 c - a +0 buckler (worn)
 e - a +1 cloak (worn)
   (You found it on level 1 of the Dungeon)
 k - a +0 chain mail (worn)
   (You found it on level 4 of the Dungeon)
 s - a +0 pair of gloves (worn)
   (You found it on level 3 of the Dungeon)
 z - a +0 pair of boots (worn)
   (You found it on level 4 of the Dungeon)
Jewellery
 o - a ring of positive energy (left hand)
   (You found it on level 2 of the Dungeon)
 D - a ring of protection from cold (right hand)
   (You found it on level 5 of the Dungeon)
Wands
 F - a wand of charming (7)
   (You found it on level 6 of the Dungeon)
Scrolls
 f - 4 scrolls of teleportation {@r4}
 h - 2 scrolls of identify {@r1}
 p - 2 scrolls of immolation {!r!r}
 q - a scroll of noise {unknown}
 u - a scroll of silence {unknown}
 x - a scroll of magic mapping {unknown}
 y - a scroll of torment {unknown}
 A - a scroll of enchant weapon {unknown}
 G - a scroll of butterflies {unknown}
Potions
 b - a potion of resistance {unknown}
 d - a potion of might
 j - 2 potions of flight
 l - a potion of degeneration {!q@e2}
 n - a potion of brilliance
 r - a potion of heal wounds {@q2}
 v - 2 potions of cancellation
 w - a potion of curing {unknown}
 C - 2 potions of berserk rage {unknown}
 E - 2 potions of mutation {unknown}
 H - 2 potions of haste {unknown}

Dungeon Overview and Level Annotations

Branches:
Dungeon (7/15) Zot: 26981  Temple (1/1) D:4 Zot: 5843

Altars:
Cheibriados
Dithmenos
Elyvilon
Gozag
Kikubaaqudgha
Makhleb
Nemelex Xobeh
Okawaru
Ru
Sif Muna
Trog
Wu Jian
Yredelemnul
Zin
The Shining One

Shops:
D:3 ?[!

Annotations:
D:7 Maggie

#.....# .
#.....# ..
#.....# #
...#.....#.#
.....#..#.# #
.........#.###
.#.#.#...#......
.....{{55....#
.#.###.@@)..##
#.5K##....#
#...# #### #.>..
+..... #.....
....##. ...#.#


You could see Maggie (mesmerising), a kobold brigand and 3 lemures.


Message History

You take 5 damage, and now have 50/70 hp.
You hit Maggie. You closely miss the kobold.
Maggie casts a spell.
Maggie attempts to bespell you!
You are mesmerised by Maggie!
Maggie hits you with a +0 war axe! You block the kobold's attack. 😮 HP[-8]
You take 8 damage, and now have 42/70 hp.
You cannot move away from Maggie!
You closely miss the kobold. Your headbutt misses the kobold. You hit Maggie.
You slash the lemure! You closely miss the lemure.
You block the lemure's attack. The kobold hits you but does no damage.
The lemure hits you but does no damage.
A lemure comes into view.
Maggie smiles, but it's obviously fake.
Maggie hits you but does no damage.
You hit the kobold.
You kill the kobold!
You miss the lemure. You closely miss Maggie. You barely miss the lemure.
You miss the lemure. The lemure hits you but does no damage.
The kobold brigand throws a poisoned dart.
The poisoned dart hits you!
You are poisoned.
The lemure misses you. Maggie gestures at you while chanting.
The bolt of fire hits you!
* * * LOW HITPOINT WARNING * * *
The lemure closely misses you. 😨 HP[-12]
You take 12 damage, and now have 30/70 hp.
You hit Maggie. You headbutt Maggie! You hit the lemure. You slash the lemure!
You hit the lemure.
You feel very sick.
The lemure hits you but does no damage. x2; Maggie closely misses you.
You block the lemure's attack. 😨 HP[-3]
You take 3 damage, and now have 27/70 hp.
You hit the kobold. You closely miss the lemure. You miss the lemure.
You slash the lemure! You hit Maggie but do no damage.
You feel very sick. The lemure barely misses you.
You block the kobold's attack. The lemure hits you but does no damage.
Maggie misses you. You furiously retaliate!
You headbutt Maggie.
The lemure hits you but does no damage. 😨 HP[-3]
You take 3 damage, and now have 24/70 hp.
You closely miss the kobold. You closely miss the lemure.
You hit Maggie but do no damage. You barely miss the lemure. x2
You feel sick. You block the lemure's attack. You block the kobold's attack.
The lemure closely misses you. You furiously retaliate!
You headbutt the lemure. Maggie closely misses you. You furiously retaliate!
You headbutt Maggie. The lemure barely misses you. 😨 HP[-1]
You take 1 damage, and now have 23/70 hp.
You slash the kobold!
You kill the kobold!
Okawaru accepts your kill.
You hit the lemure. You hit Maggie. You hit the lemure but do no damage.
You closely miss the lemure.
You feel sick.
A sky beast comes into view.
The lemure hits you but does no damage. The lemure hits you.
* * * LOW HITPOINT WARNING * * *
The lemure hits you but does no damage.
Maggie hits you but does no damage. 😱 HP[-6]
You take 6 damage, and now have 17/70 hp.
You slash the kobold brigand!
Your headbutt misses the kobold brigand.
You closely miss the lemure. You hit Maggie but do no damage.
You closely miss the lemure. You slash the lemure!
You feel sick.
The kobold brigand hits you with a +0 short sword.
* * * LOW HITPOINT WARNING * * *
The lemure hits you but does no damage. The lemure hits you!
* * * LOW HITPOINT WARNING * * *
The lemure hits you but does no damage. You block Maggie's attack.
The lemure hits you but does no damage.
Maggie casts a spell.
Maggie draws you further into her thrall.
The lemure hits you but does no damage.
The kobold brigand hits you but does no damage.
The lemure closely misses you. 😱 HP[-8]
You take 8 damage, and now have 9/70 hp.
You miss the kobold brigand. You headbutt the kobold brigand!
You slash the lemure! You hit Maggie but do no damage. You slash the lemure!
You kill the lemure!
That felt strangely unrewarding.
You slash the lemure!
You feel sick. The kobold brigand barely misses you. The lemure hits you.
* * * LOW HITPOINT WARNING * * *
The lemure hits you but does no damage.
Maggie hits you but does no damage. 😱 HP[-5]
You take 5 damage, and now have 4/70 hp.
You barely miss the kobold brigand.
You headbutt the kobold brigand, but do no damage.
You barely miss Maggie. You hit the lemure. You barely miss the lemure.
You hit the lemure but do no damage.
You feel sick.
You are no longer poisoned.
The sky beast flickers out of sight!
Deactivating autopickup; reactivate with Ctrl-A.
You block the kobold brigand's attack. The lemure hits you.
You die...

Skill      XL: |  1  2  3  4  5  6  7  8 |
---------------+-------------------------+-----
Axes           | 3 4 5 6 7 |  7.6
Fighting       | 4 5 6 |  6.1
Armour         | 4 5 6 |  6.1
Shields        | 4 5 6 |  6.1
Throwing       | 1 2 3 |  3.4

Action                     |  1- 3 |  4- 6 |  7- 9 || total
---------------------------+-------+-------+-------++-------
  Melee: War axe           |   106 |   123 |   116 ||   345
         Headbutt          |     8 |    15 |    20 ||    43
  Throw: Stone             |       |       |     3 ||     3
    Use: Scroll            |       |     8 |     2 ||    10
 Armour: Scale mail        |    58 |    45 |       ||   103
         Chain mail        |       |    26 |   129 ||   155
  Dodge: Dodged            |    50 |    77 |    86 ||   213
  Block: Buckler           |    25 |    29 |    48 ||   102

Levels and vault maps discovered:
D:1:      saegor_arrival_simple_b, layout_basic, minmay_lizard_king
D:2:      layout_loops_ring
D:3:      layout_loops_ring, shapermc_ecumenical_altar_rom_forum, serial_shops,
          nicolae_shop_hallway_plus, nicolae_shop_drivethru,
          nicolae_shop_industrial_runoff
D:4:      layout_basic, yredelemnul_forgotten_temple_becter, temple_doors_cd
D:5:      cheibrodos_helix_gallery, layout_loops_ring
D:6:      layout_cave_pools
D:7:      minmay_the_grid_triangle_9x9_rhombus_thin
          [minmay_the_grid_triangle_9x9_longest,
          minmay_the_grid_triangle_9x9_prize_special,
          minmay_the_grid_triangle_9x9_steps,
          minmay_the_grid_triangle_9x9_windchime], layout_basic, uniq_maggie,
          uniq_pikel
Temple:   hc_temple_tempest_star

Notes
Turn   | Place    | Note
-------+----------+-------------------------------------------
     0 | D:1      | Sanktem7 the Minotaur Fighter began the quest for the Orb.
     0 | D:1      | Reached XP level 1. HP: 19/19 MP: 0/0
     0 | D:1      | magus.rc [v1.9.6]
   166 | D:1      | Reached XP level 2. HP: 27/27 MP: 1/1
   330 | D:1      | Reached skill level 3 in Axes
   893 | D:1      | Reached XP level 3. HP: 28/28 MP: 2/2
   946 | D:1      | Reached skill level 4 in Fighting
   951 | D:1      | Reached skill level 4 in Armour
  1196 | D:2      | Identified the +4 dagger "Maisax" {freeze, rC+ Dex+2}
  1401 | D:2      | Reached skill level 4 in Shields
  1867 | D:3      | Found Ehez Xuy's Distillery.
  1877 | D:3      | Bought a potion of heal wounds for 55 gold pieces
  2129 | D:3      | Reached XP level 4. HP: 40/40 MP: 3/3
  2131 | D:3      | Reached skill level 4 in Axes
  2257 | D:3      | Found a faded altar of an unknown god.
  2367 | D:3      | Got Plato's Codex of the Slug
  2515 | D:3      | Reached XP level 5. HP: 39/47 MP: 4/4
  2569 | D:3      | Reached skill level 1 in Throwing
  2623 | D:3      | Found Bovoigocy's Magic Scroll Boutique.
  2631 | D:3      | Bought a scroll of identify for 22 gold pieces
  2631 | D:3      | Bought a scroll of teleportation for 33 gold pieces
  2662 | D:3      | Found a transporter.
  2664 | D:3      | Found Xieled's Antique Armour Shoppe.
  2715 | D:3      | Found a transporter.
  2913 | D:4      | Reached skill level 5 in Axes
  3060 | D:4      | Reached XP level 6. HP: 51/53 MP: 5/5
  3095 | D:4      | HP: 12/55 [gnoll/+0 spear (4)]
  3100 | D:4      | HP: 6/55 [gnoll/+0 spear (4)]
  3471 | D:4      | Found a staircase to the Ecumenical Temple.
  3617 | D:4      | Reached skill level 5 in Fighting
  3671 | Temple   | Entered the Ecumenical Temple
  3800 | Temple   | Became a worshipper of Warmaster Okawaru
  3925 | D:4      | Found a basalt altar of Yredelemnul.
  4010 | D:4      | Reached skill level 2 in Throwing
  4010 | D:4      | Reached skill level 5 in Shields
  4077 | D:5      | Entered Level 5 of the Dungeon
  4083 | D:5      | magus.rc [v1.9.6]
  4115 | D:5      | Reached skill level 5 in Armour
  4124 | D:5      | Reached skill level 6 in Axes
  4124 | D:5      | Reached XP level 7. HP: 38/61 MP: 6/6
  4130 | D:5      | HP: 14/61 [ufetubus (2)]
  4138 | D:5      | HP: 13/61 [black bear (4)]
  4139 | D:5      | Reached * piety under Okawaru
  4145 | D:5      | HP: 10/61 [orc/+1 trident of protection (1)]
  4152 | D:5      | HP: 11/61 [orc/+0 hand axe (2)]
  4617 | D:5      | Reached skill level 3 in Throwing
  4637 | D:5      | You pick up a book of Callings and begin reading...
  4977 | D:5      | magus.rc [v1.9.6]
  5014 | D:6      | Reached skill level 7 in Axes
  5042 | D:6      | Reached XP level 8. HP: 64/70 MP: 7/7
  5072 | D:6      | Reached skill level 6 in Shields
  5087 | D:6      | Reached skill level 6 in Fighting
  5094 | D:6      | Reached skill level 6 in Armour
  5095 | D:6      | Reached ** piety under Okawaru
  5592 | D:7      | Noticed Maggie
  5598 | D:7      | magus.rc [v1.9.6]
  5605 | D:7      | HP: 17/70 [lemure[Pikel] (5)]
  5607 | D:7      | HP: 8/70 [poisoned by a kobold brigand]
  5608 | D:7      | HP: 2/70 [poisoned by a kobold brigand]
  5608 | D:7      | Slain by a lemure

Vanquished Creatures
  2 black bears (D:5)
  An ogre (D:5)
  A centaur (D:6)
  A lemure (D:7)
  9 hounds
  3 orc priests
  A gnoll bouda (D:4)
  2 jellies (D:6)
  A sleepcap (D:5)
  2 iguanas
  3 orc wizards
  14 gnolls
  9 adders
  2 white imps
  5 ufetubi
  2 dart slugs
  16 orcs
  3 bats
  5 endoplasms
  A giant cockroach (D:1)
  9 goblins
  7 hobgoblins
  3 jackals (D:3)
  A quokka (D:1)
  8 ball pythons
  7 frilled lizards (D:1)
  7 kobolds
  5 rats
  A spectral orc (D:4)
131 creatures vanquished.

Table legend:
 A = Non-vault XP
 B = Vault XP
 C = Vault XP percentage of total XP
 D = Non-vault monster count
 E = Vault monster count
 F = Vault count percentage of total count
                 A         B        C        D         E       F
            +---------+---------+-------+---------+---------+-------
      Total |    1682 |     167 |   9.0 |     122 |       8 |   6.2
            +---------+---------+-------+---------+---------+-------
        D:1 |      41 |       5 |  10.9 |      23 |       5 |  17.9
        D:2 |      32 |       0 |   0.0 |       7 |       0 |   0.0
        D:3 |     203 |       0 |   0.0 |      26 |       0 |   0.0
        D:4 |     335 |       1 |   0.3 |      27 |       1 |   3.6
        D:5 |     546 |     161 |  22.8 |      19 |       2 |   9.5
        D:6 |     522 |       0 |   0.0 |      18 |       0 |   0.0
        D:7 |       3 |       0 |   0.0 |       2 |       0 |   0.0
            +---------+---------+-------+---------+---------+-------

Skill      XL: |  1  2  3  4  5  6  7  8 |
---------------+-------------------------+-----
Axes           | 3 4 5 6 7 |  7.6
Fighting       | 4 5 6 |  6.1
Armour         | 4 5 6 |  6.1
Shields        | 4 5 6 |  6.1
Throwing       | 1 2 3 |  3.4

Action                     |  1- 3 |  4- 6 |  7- 9 || total
---------------------------+-------+-------+-------++-------
  Melee: War axe           |   106 |   123 |   116 ||   345
         Headbutt          |     8 |    15 |    20 ||    43
  Throw: Stone             |       |       |     3 ||     3
    Use: Scroll            |       |     8 |     2 ||    10
 Armour: Scale mail        |    58 |    45 |       ||   103
         Chain mail        |       |    26 |   129 ||   155
  Dodge: Dodged            |    50 |    77 |    86 ||   213
  Block: Buckler           |    25 |    29 |    48 ||   102

Illustrated notes

Table legend:
 A = Kills in this place as a percentage of kills in the entire game.
 B = Kills by you in this place as a percentage of kills by you in the entire game.
 C = Kills by friends in this place as a percentage of kills by friends in the entire game.
 D = Other kills in this place as a percentage of other kills in the entire game.
 E = Experience gained in this place as a percentage of experience gained in the entire game.
 F = Experience gained in this place divided by the number of levels of this place that you have seen.
                   A       B       C       D       E      F
               +-------+-------+-------+-------+-------+----------------------
         Total | 100.0 | 100.0 |   N/A |   N/A | 100.0 | 231.1
       Dungeon | 100.0 | 100.0 |   N/A |   N/A | 100.0 | 264.1
               +-------+-------+-------+-------+-------+----------------------

Table legend: (Time is in decaauts)
 A = Elapsed time spent in this place.
 B = Non-inter-level travel time spent in this place.
 C = Inter-level travel time spent in this place.
 D = Time resting spent in this place.
 E = Time spent auto-exploring this place.
 F = Levels seen in this place.
 G = Mean time per level.
                   A        B        C        D        E       F      G
               +--------+--------+--------+--------+--------+-----+--------+
         Total |   5700 |   5292 |    408 |      0 |   4328 |   8 |  712.5 |
       Dungeon |   5543 |   5161 |    382 |      0 |   4221 |   7 |  791.9 |
        Temple |    156 |    130 |     26 |      0 |    107 |   1 |  156.0 |
               +--------+--------+--------+--------+--------+-----+--------+

Top non-repeatable levels by time:
     D:1: 1129 daAuts
     D:3: 1120 daAuts
     D:4: 1040 daAuts
     D:5: 940 daAuts
     D:2: 699 daAuts
     D:6: 595 daAuts
  Temple: 156 daAuts
     D:7: 17 daAuts
